[ AOE2 MATCH · #471803188 ]
UnrankedPersians vs Franks
[ REPLAY ANALYSIS · EXTRACTED FROM THE RECORDED GAME ]
Feudal
9:22
Castle
20:45
Imperial
—
| APM avg | 51.2 |
| APM peak | 80 |
| eAPM avg | 22.8 |
| Villagers / military | 92 / 29 |
Focus
⚔️ 31.7% · 🌾 68.3%
Knight ×15 · Scout Cavalry ×6 · Camel Scout ×5 · Mangonel ×3
Feudal
9:16
Castle
22:17
Imperial
—
| APM avg | 40.0 |
| APM peak | 84 |
| eAPM avg | 16.5 |
| Villagers / military | 105 / 83 |
Focus
⚔️ 28.7% · 🌾 71.3%
Knight ×71 · Scout Cavalry ×12
Feudal
9:00
Castle
24:16
Imperial
—
| APM avg | 68.1 |
| APM peak | 101 |
| eAPM avg | 27.2 |
| Villagers / military | 91 / 82 |
Focus
⚔️ 27.4% · 🌾 72.6%
Archer ×73 · Spearman ×5 · Militia ×4
Feudal
9:16
Castle
24:41
Imperial
—
| APM avg | 40.9 |
| APM peak | 85 |
| eAPM avg | 20.7 |
| Villagers / military | 82 / 69 |
Focus
⚔️ 47.7% · 🌾 52.3%
Archer ×45 · Genoese Crossbowman ×23 · Spearman ×1
Match map
Initial resources + every placement click. Lines = walls · curves = elevation contours. ◆ gold · ⬟ stone · ● berries · ✦ relic · ◌ wall gap
Your base· ✓ Closed at 20:45 · 98t walls · no gate
风骚的女农民's base· Open — opponent sealed themselves in
hK | Agt. Smith's base· ✓ Closed at 24:16 · 54t walls · no gate
涅槃's base· ✓ Closed at 24:41 · 42t walls · 1 gate(s)
Smoothed initial terrain · ◌ = detected wall gap · hover for details
Inputs per minute
— EXILE | Lightning - - 风骚的女农民
Build order — EXILE | Lightning
First 150 of 212 actions detected
| 0:01 | Queue | Villager (Male) |
| 0:02 | Queue | Villager (Male) |
| 0:02 | Queue | Villager (Male) |
| 0:03 | Build | House |
| 0:04 | Build | House |
| 0:10 | Queue | Villager (Male) |
| 0:10 | Queue | Villager (Male) |
| 1:27 | Queue | Villager (Male) |
| 1:43 | Build | Lumber Camp |
| 2:03 | Queue | Villager (Male) |
| 2:04 | Queue | Villager (Male) |
| 2:18 | Queue | Villager (Male) |
| 2:51 | Queue | Villager (Male) |
| 2:51 | Queue | Villager (Male) |
| 3:19 | Queue | Villager (Male) |
| 3:19 | Queue | Villager (Male) |
| 3:40 | Build | House |
| 3:40 | Build | House |
| 3:45 | Queue | Villager (Male) |
| 3:45 | Queue | Villager (Male) |
| 4:06 | Queue | Villager (Male) |
| 4:07 | Queue | Villager (Male) |
| 4:27 | Queue | Villager (Male) |
| 4:28 | Queue | Villager (Male) |
| 4:49 | Build | Mill |
| 5:02 | Queue | Villager (Male) |
| 5:11 | Queue | Villager (Male) |
| 5:12 | Queue | Villager (Male) |
| 5:57 | Queue | Villager (Male) |
| 5:58 | Queue | Villager (Male) |
| 6:16 | Queue | Villager (Male) |
| 6:16 | Queue | Villager (Male) |
| 6:22 | Research | Loom |
| 6:50 | Queue | Villager (Male) |
| 6:50 | Queue | Villager (Male) |
| 7:18 | Research | Feudal Age |
| 7:19 | Research | Feudal Age |
| 8:28 | Build | Barracks |
| 8:59 | Queue | Villager (Male) |
| 8:59 | Queue | Villager (Male) |
| 9:22 | Age | Feudal Age |
| 9:39 | Build | Stable |
| 9:45 | Research | Double-Bit Axe |
| 9:47 | Research | Horse Collar |
| 9:49 | Build | Farm |
| 10:00 | Build | Blacksmith |
| 10:08 | Queue | Villager (Male) |
| 10:08 | Queue | Villager (Male) |
| 10:15 | Queue | Villager (Male) |
| 10:21 | Build | Palisade Wall |
| 10:24 | Build | Palisade Wall |
| 10:28 | Queue | Scout Cavalry |
| 10:29 | Queue | Scout Cavalry |
| 10:29 | Queue | Scout Cavalry |
| 10:41 | Build | Farm |
| 10:45 | Build | Palisade Wall |
| 10:47 | Build | Palisade Wall |
| 10:48 | Build | Palisade Wall |
| 10:49 | Build | Palisade Wall |
| 10:59 | Build | House |
| 11:07 | Build | Farm |
| 11:08 | Build | Farm |
| 11:13 | Research | Scale Barding Armor |
| 11:35 | Queue | Scout Cavalry |
| 11:48 | Queue | Scout Cavalry |
| 11:51 | Build | Farm |
| 11:53 | Build | Farm |
| 11:59 | Build | Palisade Wall |
| 12:05 | Build | Farm |
| 12:08 | Build | Farm |
| 12:09 | Queue | Villager (Male) |
| 12:13 | Build | House |
| 12:36 | Queue | Villager (Male) |
| 12:36 | Queue | Villager (Male) |
| 12:39 | Build | Farm |
| 12:43 | Queue | Villager (Male) |
| 12:44 | Build | Farm |
| 12:48 | Build | House |
| 13:09 | Queue | Villager (Male) |
| 13:12 | Build | Farm |
| 13:13 | Build | Farm |
| 13:23 | Queue | Villager (Male) |
| 13:37 | Build | Palisade Wall |
| 13:40 | Queue | Villager (Male) |
| 13:49 | Queue | Villager (Male) |
| 14:08 | Queue | Scout Cavalry |
| 14:32 | Queue | Villager (Male) |
| 14:36 | Build | Palisade Wall |
| 14:45 | Queue | Villager (Male) |
| 14:48 | Build | Farm |
| 14:56 | Queue | Villager (Male) |
| 15:02 | Queue | Villager (Male) |
| 15:12 | Build | Mining Camp |
| 15:15 | Queue | Villager (Male) |
| 15:22 | Queue | Villager (Male) |
| 15:26 | Queue | Villager (Male) |
| 15:44 | Queue | Villager (Male) |
| 15:49 | Build | Lumber Camp |
| 16:05 | Build | Farm |
| 16:29 | Build | Market |
| 16:35 | Research | Wheelbarrow |
| 16:51 | Build | Farm |
| 17:14 | Queue | Villager (Male) |
| 17:25 | Queue | Villager (Male) |
| 17:28 | Build | House |
| 17:48 | Build | Palisade Wall |
| 17:50 | Build | Palisade Wall |
| 17:59 | Build | Palisade Wall |
| 18:15 | Build | Palisade Wall |
| 18:19 | Research | Castle Age |
| 18:25 | Queue | Villager (Male) |
| 18:37 | Build | Stable |
| 18:45 | Build | Palisade Wall |
| 18:58 | Build | Palisade Wall |
| 19:05 | Build | House |
| 19:06 | Queue | Villager (Male) |
| 19:15 | Research | Bloodlines |
| 19:29 | Build | Lumber Camp |
| 19:37 | Build | Palisade Wall |
| 19:41 | Build | Palisade Wall |
| 19:45 | Research | Forging |
| 19:50 | Build | Farm |
| 19:51 | Build | Farm |
| 19:52 | Queue | Villager (Male) |
| 19:56 | Research | Gold Mining |
| 20:31 | Build | Palisade Wall |
| 20:45 | Age | Castle Age |
| 20:48 | Research | Chain Barding Armor |
| 20:49 | Queue | Knight |
| 20:49 | Queue | Knight |
| 20:57 | Queue | Villager (Male) |
| 21:14 | Build | Town Center |
| 21:16 | Queue | Villager (Male) |
| 21:28 | Queue | Knight |
| 21:37 | Queue | Villager (Male) |
| 21:38 | Queue | Villager (Male) |
| 21:43 | Research | Bow Saw |
| 21:51 | Queue | Villager (Male) |
| 21:57 | Queue | Knight |
| 22:06 | Queue | Villager (Male) |
| 22:12 | Queue | Villager (Male) |
| 22:14 | Research | Husbandry |
| 22:19 | Queue | Villager (Male) |
| 22:19 | Queue | Villager (Male) |
| 22:22 | Queue | Villager (Male) |
| 22:22 | Queue | Villager (Male) |
| 22:37 | Queue | Knight |
| 22:44 | Queue | Villager (Male) |
| 22:53 | Queue | Villager (Male) |
| 23:20 | Queue | Camel Scout ×2 |
Build order — 风骚的女农民
First 150 of 250 actions detected
| 0:01 | Queue | Villager (Male) |
| 0:03 | Build | House |
| 0:04 | Build | House |
| 0:11 | Queue | Villager (Male) |
| 0:11 | Queue | Villager (Male) |
| 0:11 | Queue | Villager (Male) |
| 0:12 | Queue | Villager (Male) |
| 1:24 | Queue | Villager (Male) |
| 1:24 | Queue | Villager (Male) |
| 1:47 | Build | Lumber Camp |
| 1:59 | Queue | Villager (Male) |
| 1:59 | Queue | Villager (Male) |
| 2:13 | Build | House |
| 2:15 | Queue | Villager (Male) |
| 2:16 | Queue | Villager (Male) |
| 2:46 | Queue | Villager (Male) |
| 2:46 | Queue | Villager (Male) |
| 3:04 | Queue | Villager (Male) |
| 3:04 | Queue | Villager (Male) |
| 3:31 | Queue | Villager (Male) |
| 3:31 | Queue | Villager (Male) |
| 3:45 | Queue | Villager (Male) |
| 3:45 | Queue | Villager (Male) |
| 4:18 | Queue | Villager (Male) |
| 4:19 | Queue | Villager (Male) |
| 4:27 | Queue | Villager (Male) |
| 4:28 | Queue | Villager (Male) |
| 4:49 | Queue | Villager (Male) |
| 4:49 | Queue | Villager (Male) |
| 5:04 | Queue | Villager (Male) |
| 6:03 | Build | House |
| 6:12 | Queue | Villager (Male) |
| 6:21 | Build | Mill |
| 6:33 | Research | Loom |
| 7:06 | Research | Feudal Age |
| 7:07 | Research | Feudal Age |
| 8:39 | Build | Barracks |
| 9:16 | Age | Feudal Age |
| 9:19 | Queue | Villager (Male) |
| 9:51 | Queue | Villager (Male) |
| 10:12 | Build | Stable |
| 10:17 | Research | Double-Bit Axe |
| 10:17 | Research | Double-Bit Axe |
| 10:18 | Queue | Villager (Male) |
| 10:35 | Queue | Villager (Male) |
| 10:47 | Queue | Scout Cavalry |
| 10:48 | Queue | Scout Cavalry |
| 10:53 | Build | House |
| 10:55 | Build | House |
| 11:03 | Queue | Villager (Male) |
| 11:07 | Build | Farm |
| 11:08 | Build | Farm |
| 11:09 | Build | Farm |
| 11:10 | Build | Farm |
| 11:16 | Build | Farm |
| 11:17 | Build | Farm |
| 11:26 | Build | Farm |
| 11:31 | Queue | Villager (Male) |
| 11:46 | Build | Farm |
| 11:47 | Build | Farm |
| 11:48 | Build | Farm |
| 11:49 | Build | Farm |
| 11:50 | Build | Farm |
| 11:55 | Queue | Villager (Male) |
| 12:12 | Build | Palisade Wall |
| 12:15 | Queue | Villager (Male) |
| 12:27 | Queue | Villager (Male) |
| 12:40 | Queue | Villager (Male) |
| 12:43 | Build | Farm |
| 12:44 | Build | Farm |
| 12:51 | Build | Farm |
| 12:53 | Queue | Scout Cavalry |
| 12:54 | Queue | Scout Cavalry |
| 12:59 | Build | Farm |
| 13:04 | Queue | Villager (Male) |
| 13:26 | Build | House |
| 13:31 | Queue | Villager (Male) |
| 13:49 | Build | House |
| 13:55 | Queue | Villager (Male) |
| 13:59 | Build | Farm |
| 14:02 | Build | Farm |
| 14:04 | Build | Farm |
| 14:16 | Build | Blacksmith |
| 14:21 | Queue | Villager (Male) |
| 14:39 | Queue | Scout Cavalry |
| 14:39 | Queue | Scout Cavalry |
| 14:56 | Build | House |
| 15:00 | Build | House |
| 15:04 | Build | Palisade Wall |
| 15:09 | Queue | Villager (Male) |
| 15:30 | Queue | Scout Cavalry |
| 15:51 | Queue | Villager (Male) |
| 16:17 | Build | House |
| 16:19 | Build | House |
| 16:26 | Build | Palisade Wall |
| 16:32 | Queue | Villager (Male) |
| 16:33 | Queue | Villager (Male) |
| 16:47 | Build | House |
| 16:52 | Build | Palisade Wall |
| 17:02 | Queue | Villager (Male) |
| 17:06 | Build | House |
| 17:10 | Build | Palisade Wall |
| 17:14 | Queue | Scout Cavalry ×5 |
| 17:31 | Queue | Villager (Male) |
| 17:35 | Build | Mining Camp |
| 18:04 | Queue | Villager (Male) |
| 18:26 | Build | Stable |
| 18:30 | Build | Farm |
| 18:40 | Queue | Villager (Male) |
| 19:37 | Research | Castle Age |
| 19:38 | Research | Castle Age |
| 19:45 | Build | Stable |
| 20:21 | Research | Scale Barding Armor |
| 20:21 | Research | Scale Barding Armor |
| 20:41 | Build | Lumber Camp |
| 20:45 | Research | Forging |
| 20:46 | Research | Forging |
| 22:17 | Age | Castle Age |
| 22:20 | Build | Town Center |
| 22:21 | Queue | Villager (Male) |
| 22:23 | Queue | Knight ×5 |
| 22:28 | Research | Chain Barding Armor |
| 22:28 | Research | Chain Barding Armor |
| 22:46 | Queue | Villager (Male) |
| 23:07 | Queue | Villager (Male) |
| 23:17 | Queue | Villager (Male) |
| 23:23 | Build | Farm |
| 23:24 | Build | Farm |
| 23:26 | Queue | Knight ×3 |
| 23:26 | Queue | Knight ×3 |
| 23:45 | Queue | Knight ×2 |
| 23:45 | Queue | Knight ×2 |
| 24:09 | Queue | Villager (Male) |
| 24:09 | Queue | Villager (Male) |
| 24:12 | Queue | Knight |
| 24:12 | Queue | Knight |
| 24:12 | Queue | Knight |
| 24:31 | Queue | Villager (Male) |
| 24:31 | Queue | Villager (Male) |
| 24:46 | Queue | Knight |
| 24:46 | Queue | Knight |
| 24:46 | Queue | Knight |
| 25:10 | Queue | Villager (Male) |
| 25:10 | Queue | Villager (Male) |
| 25:13 | Queue | Knight ×2 |
| 25:14 | Queue | Knight ×2 |
| 25:35 | Queue | Knight |
| 25:36 | Queue | Knight |
| 25:47 | Queue | Villager (Male) |
| 25:50 | Queue | Villager (Male) |
Build order — hK | Agt. Smith
First 150 of 266 actions detected
| 0:02 | Queue | Villager (Male) |
| 0:05 | Build | House |
| 0:07 | Build | House |
| 0:20 | Queue | Villager (Male) |
| 0:20 | Queue | Villager (Male) |
| 0:20 | Queue | Villager (Male) |
| 0:21 | Queue | Villager (Male) |
| 0:21 | Queue | Villager (Male) |
| 1:37 | Queue | Villager (Male) |
| 1:37 | Queue | Villager (Male) |
| 1:43 | Queue | Villager (Male) |
| 1:44 | Queue | Villager (Male) |
| 1:44 | Queue | Villager (Male) |
| 1:48 | Build | Lumber Camp |
| 2:17 | Queue | Villager (Male) |
| 2:17 | Queue | Villager (Male) |
| 2:58 | Queue | Villager (Male) |
| 3:00 | Queue | Villager (Male) |
| 3:00 | Queue | Villager (Male) |
| 3:27 | Queue | Villager (Male) |
| 3:45 | Build | House |
| 4:00 | Queue | Villager (Male) |
| 4:00 | Queue | Villager (Male) |
| 4:28 | Queue | Villager (Male) |
| 4:44 | Build | House |
| 5:02 | Queue | Villager (Male) |
| 5:11 | Queue | Villager (Male) |
| 5:15 | Build | Barracks |
| 5:49 | Queue | Villager (Male) |
| 5:53 | Research | Loom |
| 6:50 | Research | Feudal Age |
| 7:02 | Queue | Militia |
| 7:08 | Build | Mining Camp |
| 7:12 | Build | House |
| 7:23 | Queue | Militia |
| 7:23 | Queue | Militia |
| 7:23 | Queue | Militia |
| 9:00 | Age | Feudal Age |
| 9:06 | Research | Man-at-Arms (upgrade) |
| 9:11 | Queue | Villager (Male) |
| 9:30 | Queue | Villager (Male) |
| 9:50 | Build | Archery Range |
| 9:53 | Build | Archery Range |
| 10:01 | Queue | Villager (Male) |
| 10:18 | Build | Blacksmith |
| 10:27 | Queue | Villager (Male) |
| 10:36 | Build | Palisade Wall |
| 10:41 | Build | Palisade Wall |
| 10:46 | Build | Palisade Wall |
| 10:47 | Build | Palisade Wall |
| 10:50 | Queue | Archer |
| 10:51 | Queue | Archer |
| 11:01 | Queue | Villager (Male) |
| 11:17 | Research | Fletching |
| 11:26 | Queue | Villager (Male) |
| 11:32 | Build | House |
| 11:36 | Build | Mill |
| 11:59 | Build | House |
| 12:03 | Build | Palisade Wall |
| 12:08 | Build | Palisade Wall |
| 12:25 | Build | House |
| 12:29 | Build | House |
| 12:31 | Queue | Spearman |
| 12:32 | Queue | Archer |
| 12:32 | Queue | Archer |
| 12:35 | Build | Farm |
| 12:47 | Build | Palisade Wall |
| 12:51 | Build | Palisade Wall |
| 13:05 | Build | Palisade Wall |
| 13:10 | Queue | Archer |
| 13:12 | Queue | Archer |
| 13:28 | Build | Farm |
| 13:45 | Build | House |
| 13:46 | Build | Palisade Wall |
| 13:48 | Queue | Archer |
| 13:48 | Queue | Archer |
| 13:49 | Queue | Villager (Male) |
| 14:03 | Build | Farm |
| 14:11 | Queue | Archer |
| 14:11 | Queue | Archer |
| 14:18 | Queue | Archer |
| 14:19 | Queue | Villager (Male) |
| 14:44 | Build | Farm |
| 15:03 | Queue | Archer |
| 15:03 | Queue | Archer |
| 15:04 | Queue | Villager (Male) |
| 15:10 | Build | Palisade Wall |
| 15:17 | Queue | Archer |
| 15:17 | Queue | Archer |
| 15:43 | Queue | Villager (Male) |
| 15:46 | Build | Farm |
| 15:55 | Build | Palisade Wall |
| 15:59 | Queue | Villager (Male) |
| 16:03 | Build | House |
| 16:06 | Build | Palisade Wall |
| 16:12 | Queue | Archer |
| 16:12 | Queue | Archer |
| 16:13 | Queue | Villager (Male) |
| 16:15 | Build | Farm |
| 16:44 | Research | Double-Bit Axe |
| 16:47 | Queue | Archer |
| 16:47 | Queue | Archer |
| 17:03 | Queue | Villager (Male) |
| 17:05 | Queue | Archer |
| 17:05 | Queue | Archer |
| 17:21 | Queue | Villager (Male) |
| 17:35 | Build | Lumber Camp |
| 17:46 | Queue | Villager (Male) |
| 17:50 | Queue | Archer |
| 17:51 | Queue | Archer |
| 18:10 | Queue | Villager (Male) |
| 18:16 | Queue | Archer |
| 18:16 | Queue | Archer |
| 18:17 | Queue | Archer |
| 18:31 | Build | House |
| 18:50 | Queue | Villager (Male) |
| 18:53 | Build | Farm |
| 19:05 | Queue | Villager (Male) |
| 19:07 | Build | Farm |
| 19:24 | Queue | Archer |
| 19:25 | Queue | Archer |
| 19:28 | Queue | Archer |
| 19:29 | Queue | Archer |
| 19:42 | Queue | Villager (Male) |
| 19:45 | Build | Farm |
| 20:21 | Research | Wheelbarrow |
| 20:31 | Build | Market |
| 21:28 | Research | Castle Age |
| 21:33 | Queue | Archer |
| 21:33 | Queue | Archer |
| 21:41 | Queue | Archer |
| 21:57 | Build | Farm |
| 22:02 | Build | Lumber Camp |
| 22:20 | Queue | Archer |
| 22:20 | Queue | Archer |
| 22:38 | Build | Farm |
| 22:38 | Queue | Villager (Male) |
| 22:39 | Research | Padded Archer Armor |
| 22:51 | Research | Gold Mining |
| 23:01 | Build | Farm |
| 23:01 | Build | Farm |
| 23:13 | Queue | Archer |
| 23:13 | Queue | Archer |
| 23:26 | Queue | Spearman |
| 23:26 | Queue | Spearman |
| 23:28 | Build | Farm |
| 23:29 | Research | Horse Collar |
| 23:31 | Queue | Archer |
| 23:32 | Queue | Archer |
| 23:32 | Queue | Archer |
Build order — 涅槃
First 150 of 255 actions detected
| 0:01 | Queue | Villager (Male) |
| 0:01 | Queue | Villager (Male) |
| 0:02 | Queue | Villager (Male) |
| 0:02 | Queue | Villager (Male) |
| 0:03 | Build | House |
| 0:04 | Build | House |
| 1:25 | Queue | Villager (Male) |
| 1:25 | Queue | Villager (Male) |
| 1:26 | Queue | Villager (Male) |
| 2:04 | Queue | Villager (Male) |
| 2:05 | Queue | Villager (Male) |
| 2:05 | Queue | Villager (Male) |
| 2:25 | Queue | Villager (Male) |
| 2:26 | Queue | Villager (Male) |
| 2:26 | Queue | Villager (Male) |
| 2:38 | Build | Lumber Camp |
| 2:55 | Queue | Villager (Male) |
| 2:57 | Queue | Villager (Male) |
| 2:57 | Queue | Villager (Male) |
| 2:58 | Queue | Villager (Male) |
| 3:41 | Queue | Villager (Male) |
| 3:41 | Queue | Villager (Male) |
| 3:42 | Queue | Villager (Male) |
| 3:42 | Queue | Villager (Male) |
| 3:42 | Queue | Villager (Male) |
| 3:48 | Build | House |
| 3:50 | Build | Palisade Wall |
| 4:20 | Queue | Villager (Male) |
| 4:21 | Queue | Villager (Male) |
| 4:21 | Queue | Villager (Male) |
| 5:25 | Queue | Villager (Male) |
| 5:25 | Queue | Villager (Male) |
| 5:26 | Queue | Villager (Male) |
| 5:26 | Queue | Villager (Male) |
| 5:27 | Queue | Villager (Male) |
| 5:27 | Queue | Villager (Male) |
| 5:44 | Build | Mill |
| 6:03 | Queue | Villager (Male) |
| 6:04 | Research | Loom |
| 6:57 | Research | Feudal Age |
| 6:58 | Research | Feudal Age |
| 7:41 | Build | Barracks |
| 8:49 | Build | Mining Camp |
| 9:16 | Age | Feudal Age |
| 9:17 | Build | House |
| 9:21 | Build | Archery Range |
| 9:23 | Build | Palisade Wall |
| 9:29 | Research | Wheelbarrow |
| 10:03 | Build | Archery Range |
| 10:13 | Queue | Villager (Male) |
| 10:14 | Research | Double-Bit Axe |
| 10:15 | Research | Double-Bit Axe |
| 10:15 | Research | Double-Bit Axe |
| 10:56 | Queue | Spearman |
| 10:58 | Queue | Archer |
| 10:59 | Queue | Archer |
| 11:01 | Queue | Villager (Male) |
| 11:27 | Build | House |
| 11:31 | Build | Palisade Wall |
| 11:39 | Queue | Villager (Male) |
| 11:40 | Queue | Villager (Male) |
| 12:10 | Build | Lumber Camp |
| 12:15 | Build | Palisade Wall |
| 12:41 | Queue | Archer |
| 12:41 | Queue | Archer |
| 12:53 | Queue | Villager (Male) |
| 12:54 | Queue | Archer |
| 12:55 | Queue | Archer |
| 13:11 | Build | Palisade Wall |
| 13:17 | Queue | Villager (Male) |
| 13:21 | Queue | Archer |
| 13:21 | Queue | Archer |
| 13:26 | Build | House |
| 13:28 | Build | House |
| 13:55 | Queue | Villager (Male) |
| 13:55 | Queue | Villager (Male) |
| 13:57 | Queue | Archer |
| 13:58 | Queue | Archer |
| 13:58 | Queue | Archer |
| 14:23 | Queue | Villager (Male) |
| 14:25 | Queue | Archer |
| 14:29 | Queue | Archer |
| 14:30 | Queue | Archer |
| 14:44 | Build | Blacksmith |
| 15:01 | Queue | Archer |
| 15:10 | Build | Farm |
| 15:10 | Build | Farm |
| 15:10 | Build | Farm |
| 15:11 | Build | Farm |
| 15:14 | Build | Farm |
| 15:20 | Build | House |
| 15:22 | Build | House |
| 15:47 | Queue | Villager (Male) |
| 15:48 | Queue | Archer |
| 15:49 | Queue | Archer |
| 15:54 | Build | Farm |
| 16:03 | Build | House |
| 16:05 | Build | House |
| 16:07 | Build | Palisade Wall |
| 16:13 | Queue | Archer |
| 16:14 | Queue | Archer |
| 16:36 | Queue | Archer |
| 16:37 | Queue | Villager (Male) |
| 16:37 | Queue | Villager (Male) |
| 16:37 | Queue | Villager (Male) |
| 17:07 | Queue | Villager (Male) |
| 17:11 | Build | Farm |
| 17:13 | Build | Farm |
| 17:16 | Build | Farm |
| 17:19 | Build | Farm |
| 17:26 | Queue | Archer |
| 17:27 | Queue | Villager (Male) |
| 17:30 | Queue | Archer |
| 17:37 | Build | House |
| 17:41 | Build | House |
| 17:43 | Build | Palisade Wall |
| 17:45 | Build | House |
| 17:48 | Build | Palisade Wall |
| 17:54 | Queue | Villager (Male) |
| 17:58 | Queue | Archer |
| 17:58 | Queue | Archer |
| 18:17 | Build | Palisade Gate |
| 18:22 | Queue | Villager (Male) |
| 18:26 | Queue | Archer |
| 18:27 | Research | Fletching |
| 18:28 | Research | Fletching |
| 18:28 | Research | Fletching |
| 18:49 | Queue | Villager (Male) |
| 19:21 | Queue | Villager (Male) |
| 19:22 | Queue | Archer |
| 19:29 | Queue | Archer |
| 19:30 | Queue | Villager (Male) |
| 20:05 | Queue | Villager (Male) |
| 20:06 | Queue | Archer |
| 20:06 | Queue | Archer |
| 20:19 | Queue | Villager (Male) |
| 20:22 | Build | Mill |
| 20:23 | Build | Farm |
| 20:23 | Build | Farm |
| 20:24 | Build | Farm |
| 20:24 | Build | Farm |
| 20:42 | Queue | Archer |
| 20:42 | Queue | Archer |
| 21:01 | Queue | Villager (Male) |
| 21:28 | Build | Mining Camp |
| 21:36 | Queue | Villager (Male) |
| 21:45 | Queue | Archer |
| 21:45 | Queue | Archer |
| 22:00 | Research | Castle Age |
| 22:01 | Research | Castle Age |
Match timeline
| 3:50 | 涅槃 · wall_segment Palisade Wall x3 |
| 5:15 | hK | Agt. Smith · first_building Barracks |
| 7:41 | 涅槃 · first_building Barracks |
| 8:28 | EXILE | Lightning · first_building Barracks |
| 8:39 | 风骚的女农民 · first_building Barracks |
| 9:00 | hK | Agt. Smith · age_up feudal |
| 9:16 | 涅槃 · age_up feudal |
| 9:16 | 风骚的女农民 · age_up feudal |
| 9:21 | 涅槃 · first_building Archery Range |
| 9:22 | EXILE | Lightning · age_up feudal |
| 9:23 | 涅槃 · wall_segment Palisade Wall x1 |
| 9:39 | EXILE | Lightning · first_building Stable |
| 9:50 | hK | Agt. Smith · first_building Archery Range |
| 10:12 | 风骚的女农民 · first_building Stable |
| 10:21 | EXILE | Lightning · wall_segment Palisade Wall x2 |
| 10:24 | EXILE | Lightning · wall_segment Palisade Wall x2 |
| 10:36 | hK | Agt. Smith · wall_segment Palisade Wall x4 |
| 10:41 | hK | Agt. Smith · wall_segment Palisade Wall x2 |
| 10:45 | EXILE | Lightning · wall_segment Palisade Wall x1 |
| 10:46 | hK | Agt. Smith · wall_segment Palisade Wall x2 |
| 10:47 | hK | Agt. Smith · wall_segment Palisade Wall x7 |
| 10:47 | EXILE | Lightning · wall_segment Palisade Wall x1 |
| 10:48 | EXILE | Lightning · wall_segment Palisade Wall x1 |
| 10:49 | EXILE | Lightning · wall_segment Palisade Wall x1 |
| 11:31 | 涅槃 · wall_segment Palisade Wall x5 |
| 11:59 | EXILE | Lightning · wall_segment Palisade Wall x5 |
| 12:03 | hK | Agt. Smith · wall_segment Palisade Wall x10 |
| 12:08 | hK | Agt. Smith · wall_segment Palisade Wall x1 |
| 12:12 | 风骚的女农民 · wall_segment Palisade Wall x7 |
| 12:15 | 涅槃 · wall_segment Palisade Wall x9 |
| 12:47 | hK | Agt. Smith · wall_segment Palisade Wall x5 |
| 12:51 | hK | Agt. Smith · wall_segment Palisade Wall x5 |
| 13:05 | hK | Agt. Smith · wall_segment Palisade Wall x1 |
| 13:11 | 涅槃 · wall_segment Palisade Wall x1 |
| 13:37 | EXILE | Lightning · wall_segment Palisade Wall x8 |
| 13:46 | hK | Agt. Smith · wall_segment Palisade Wall x1 |
| 14:36 | EXILE | Lightning · wall_segment Palisade Wall x8 |
| 15:04 | 风骚的女农民 · wall_segment Palisade Wall x1 |
| 15:10 | hK | Agt. Smith · wall_segment Palisade Wall x8 |
| 15:55 | hK | Agt. Smith · wall_segment Palisade Wall x2 |
| 16:06 | hK | Agt. Smith · wall_segment Palisade Wall x6 |
| 16:07 | 涅槃 · wall_segment Palisade Wall x3 |
| 16:26 | 风骚的女农民 · wall_segment Palisade Wall x1 |
| 16:52 | 风骚的女农民 · wall_segment Palisade Wall x3 |
| 17:10 | 风骚的女农民 · wall_segment Palisade Wall x1 |
| 17:37 | EXILE | Lightning · first_market_sell 100 wood |
| 17:43 | 涅槃 · wall_segment Palisade Wall x8 |
| 17:48 | EXILE | Lightning · wall_segment Palisade Wall x7 |
| 17:48 | 涅槃 · wall_segment Palisade Wall x12 |
| 17:50 | EXILE | Lightning · wall_segment Palisade Wall x13 |
| 17:59 | EXILE | Lightning · wall_segment Palisade Wall x7 |
| 18:15 | EXILE | Lightning · wall_segment Palisade Wall x7 |
| 18:45 | EXILE | Lightning · wall_segment Palisade Wall x17 |
| 18:58 | EXILE | Lightning · wall_segment Palisade Wall x1 |
| 19:37 | EXILE | Lightning · wall_segment Palisade Wall x2 |
| 19:41 | EXILE | Lightning · wall_segment Palisade Wall x13 |
| 20:31 | EXILE | Lightning · wall_segment Palisade Wall x8 |
| 20:45 | EXILE | Lightning · age_up castle |
| 21:25 | hK | Agt. Smith · first_market_buy 100 food |
| 21:26 | hK | Agt. Smith · first_market_sell 500 wood |
| 22:17 | 风骚的女农民 · age_up castle |
| 24:16 | hK | Agt. Smith · age_up castle |
| 24:25 | 涅槃 · wall_segment Palisade Wall x1 |
| 24:27 | 涅槃 · wall_segment Palisade Wall x1 |
| 24:41 | 涅槃 · age_up castle |
| 26:07 | 涅槃 · first_building Castle |
| 26:49 | EXILE | Lightning · first_building Siege Workshop |
| 27:54 | EXILE | Lightning · first_market_buy 100 wood |
| 34:33 | 风骚的女农民 · first_building Monastery |
| 34:35 | hK | Agt. Smith · resign |
[ AI ANALYSIS · 1 CREDIT ]
What really happened in this match?
Wolo.gg analyzes every decision: build order, eco, micro, common mistakes by bracket. Personalized analysis on WhatsApp or Discord in 30 seconds.
Civ guide
Persians
Perfil
Jugador #18946550